 Dungeon Crawl Stone Soup version 0.28.0-53-g5a82cb258f (webtiles) character file.

Game seed: 7809566487390202889

56 Romesagentofchaos the Skirmisher (level 3, -1/33 HPs)
             Began as a Hill Orc Fighter on Aug 3, 2022.
             Slain by Crazy Yiuf
             ... wielding a +3 quarterstaff of chaos
              (4 damage)
             ... on level 2 of the Dungeon.
             The game lasted 00:06:55 (1775 turns).

Romesagentofchaos the Skirmisher (Hill Orc Fighter) Turns: 1775, Time: 00:06:56

Health: -1/33      AC:  8    Str: 19 (20) XL:     3   Next: 97%
Magic:  3/3        EV: 14    Int:  6 (8)  God:
Gold:   67         SH:  4    Dex:  7 (10) Spells: 2/2 levels left

rFire   . . .      SeeInvis .   a - +2 war axe
rCold   . . .      Faith    .   c - +0 buckler
rNeg    . . .      Spirit   .   b - +0 scale mail
rPois   .          Reflect  .   (no helmet)
rElec   .          Harm     .   g - +0 cloak
rCorr   .          Rampage  .   (no gloves)
Will    .....                   (no boots)
Stlth   ..........              (no amulet)
HPRegen 0.11/turn               (no ring)
MPRegen 0.08/turn               (no ring)

@: mighty, agile, invisible
A: no striking features
a: no special abilities


You were on level 2 of the Dungeon.
You visited 1 branch of the dungeon, and saw 2 of its levels.

You collected 67 gold pieces.

Inventory:

Hand Weapons
 a - a +2 war axe (weapon)
Armour
 b - a +0 scale mail (worn)
 c - a +0 buckler (worn)
 g - a +0 cloak (worn)
Potions
 d - 2 potions of might


   Skills:
 + Level 4.2 Fighting
 + Level 3.9 Axes
 + Level 3.6 Armour
 + Level 0.1 Dodging
 + Level 3.6 Shields


You had 2 spell levels left.
You didn't know any spells.
Your spell library contained the following spells:

 Spells                   Type           Power      Damage    Failure   Level
 Animate Skeleton         Necr           0%         N/A       88%         1
 Pain                     Necr           0%         1d4       88%         1
 Vampiric Draining        Necr           0%         2d6       99%         3


Dungeon Overview and Level Annotations

Branches:
Dungeon (2/15)

Altars:

Annotations:
D:2 Crazy Yiuf


Message History

You kill the jackal!
You slash the orc!
The orc is almost dead.
The orc closely misses you.
You slash the orc!
You kill the orc!
The jackal bites you but does no damage.
You slash the jackal!
You kill the jackal!
You slash the rat!
You kill the rat!
Things that are here:
a +0 club; a jackal corpse
There is a stone staircase leading up here.
You open the door.
There is an open door here.
There is a stone staircase leading down here.
You see here a +0 dagger.
There is a faded altar of an unknown god here.
Crazy Yiuf shouts!
You open the door. You hit Crazy Yiuf but do no damage.
Crazy Yiuf hits you with a +3 quarterstaff of chaos!
You feel agile all of a sudden.
You hit Crazy Yiuf.
Crazy Yiuf is moderately wounded.
Crazy Yiuf hits you with a +3 quarterstaff of chaos.
You are electrocuted!!
Ouch! That really hurt!
* * * LOW HITPOINT WARNING * * *
Crazy Yiuf barely misses you.
You fade into invisibility!
Crazy Yiuf closely misses you.
Crazy Yiuf sings, "Trees, trees, trees, circus!"
You feel very mighty all of a sudden. You block Crazy Yiuf's attack.
You barely miss Crazy Yiuf.
Crazy Yiuf is moderately wounded.
Crazy Yiuf hits you with a +3 quarterstaff of chaos.
You die...

##.........####...##.#.......#..#
###.......## ##.###.#...P...#.##
# ##.....## #####.#.PPP...#.# #
####### #...#......)..###
#.###P........#.# ♣♣♣♣♣### #.#
#.P.....P.#.# ## ♣♣♣.♣....####.#
#...P.....#.# ...#♣..♣.......g..#
#####_#####.. ...'.♣♣♣♣......#@.#
#........P#.# )..#♣♣ ♣♣....##..#
#..P..P...#.# ## ♣♣##.....#
#.P.......#.# ####.##
#P...P...P### #.# #.#.......#.#
###########.# ###......P###
#.#.........# #P......##
#.########### #.##...##.### ###.#
####.P.##....


You could see Crazy Yiuf.

Vanquished Creatures
  An adder (D:2)
  A worm (D:2)
  An orc (D:2)
  4 ball pythons
  3 bats
  5 endoplasms
  2 giant cockroaches (D:1)
  5 goblins
  A hobgoblin (D:1)
  3 jackals (D:2)
  4 kobolds
  3 quokkas (D:1)
  2 frilled lizards (D:1)
  3 rats
38 creatures vanquished.

Vanquished Creatures (others)
  2 demonic plants (D:2)
  5 fungi (D:2)
  2 plants (D:2)
  3 withered plants (D:2)
12 creatures vanquished.

Grand Total: 50 creatures vanquished

Notes
Turn   | Place    | Note
-------+----------+-------------------------------------------
     0 | D:1      | Romesagentofchaos the Hill Orc Fighter began the quest for
                  | the Orb.
     0 | D:1      | Reached XP level 1. HP: 19/19 MP: 1/1
    89 | D:1      | Reached XP level 2. HP: 27/27 MP: 2/2
   232 | D:1      | Reached skill level 4 in Fighting
   458 | D:1      | Reached XP level 3. HP: 33/33 MP: 3/3
   760 | D:2      | Found a faded altar of an unknown god.
   924 | D:2      | Found a runed translucent door.
   925 | D:2      | Noticed Crazy Yiuf
  1753 | D:2      | HP: 1/33 [Crazy Yiuf/+3 quarterstaff of chaos (20)]
  1775 | D:2      | Slain by Crazy Yiuf

Illustrated notes

Levels and vault maps discovered:
D:1:      nzn_arrival_water_spiral, layout_basic
D:2:      layout_loops_corners, shapermc_ecumenical_altar_gd, st_stairs_9,
          uniq_crazy_yiuf_cottage

Skill      XL: |  1  2 |
---------------+-------+-----
Fighting       | 4 |  4.2
Axes           | 3 |  3.9
Armour         | |  3.6
Dodging        | |  0.1
Shields        | |  3.6

Action                   || total
-------------------------++-------
Melee: War axe           ||   104
  Use: Potion            ||     5
       Scroll            ||     5
Armor: Scale mail        ||    45
Dodge: Dodged            ||    56
Block: Buckler           ||    16
